 Dungeon Crawl Stone Soup version 0.27.1-1-g398f81649c (webtiles) character file.

Game seed: 5177847154226120671

41 Elvor the Charlatan (level 3, -3/20 HPs)
             Began as a Gargoyle Artificer on Sept 8, 2021.
             Slain by Sigmund (9 damage)
             ... on level 2 of the Dungeon.
             The game lasted 00:12:57 (1209 turns).

Elvor the Charlatan (Gargoyle Artificer)            Turns: 1209, Time: 00:12:58

Health: -3/20      AC:  6    Str: 16    XL:     3   Next: 52%
Magic:  3/3        EV: 10    Int: 11    God:
Gold:   120        SH:  3    Dex: 10    Spells: 1/2 levels left

rFire    . . .     SeeInvis .   a - +0 club
rCold    . . .     Faith    .   i - +0 buckler
rNeg     + . .     Spirit   .   b - +0 leather armour
rPois    ∞         Reflect  .   (no helmet)
rElec    +         Harm     .   (no cloak)
rCorr    .         Rampage  .   (no gloves)
Will     .....                  (no boots)
Stlth    +.........             (no amulet)
HPRegen  0.06/turn              (no ring)
MPRegen  0.08/turn              (no ring)

@: no status effects
A: sickness immunity, AC +3, negative energy resistance 1, electricity
resistance, torment resistance 1, petrification resistance
a: no special abilities


You were on level 2 of the Dungeon.
You visited 1 branch of the dungeon, and saw 2 of its levels.

You collected 120 gold pieces.

Inventory:

Hand Weapons
 a - a +0 club (weapon)
Missiles
 c - 29 bolts
 f - 45 stones
Armour
 b - a +0 leather armour (worn)
 i - a +0 buckler (worn)
Wands
 d - a wand of charming (14)
Scrolls
 h - a scroll of enchant armour {unknown}
 j - a scroll of identify {unknown}
 l - 2 scrolls of torment {unknown}
 m - a scroll of noise {unknown}
Potions
 g - a potion of might {unknown}
 k - a potion of attraction {unknown}
 n - a potion of curing {unknown}
 o - a potion of heal wounds
Miscellaneous
 e - a piece from Xom's chessboard (11/15)


   Skills:
 + Level 1.2 Fighting
 + Level 1.5 Maces & Flails
 + Level 2.4 Armour
 + Level 1.1 Dodging
 - Level 1.1 Stealth
 + Level 0.1 Shields
 + Level 3.2 Evocations


You had one spell level left.
You knew the following spells:

 Your Spells              Type           Power      Damage    Failure   Level
a - Apportation           Tloc           0%         N/A       56%         1

Your spell library contained the following spells:

 Spells                   Type           Power      Damage    Failure   Level
 Animate Skeleton         Necr           0%         N/A       56%         1
 Corona                   Hex            0%         N/A       56%         1
 Summon Small Mammal      Summ           0%         N/A       56%         1


Dungeon Overview and Level Annotations

Branches:
Dungeon (2/15)

Altars:

Annotations:
D:2 Sigmund


Innate Abilities, Weirdness & Mutations

You are immune to sickness and miasma.
Your stone body is resilient. (AC +3)
You are immune to poison.
You resist negative energy. (rN+)
You are resistant to electric shocks. (rElec)
You are resistant to unholy torment.
You are immune to petrification.


Message History

The helpless Sigmund fails to defend himself.
You hit Sigmund.
Sigmund is moderately wounded.
The helpless Sigmund fails to defend himself.
You hit Sigmund.
Sigmund is moderately wounded.
The helpless Sigmund fails to defend himself.
You hit Sigmund.
Sigmund is heavily wounded.
The helpless Sigmund fails to defend himself.
You hit Sigmund but do no damage.
Sigmund is heavily wounded.
The helpless Sigmund fails to defend himself.
You hit Sigmund.
Sigmund is severely wounded.
The helpless Sigmund fails to defend himself.
You hit Sigmund.
Sigmund is almost dead.
Sigmund is no longer paralysed.
Sigmund points at you and mumbles some strange words.
You are confused.
Sigmund closely misses you.
You closely miss Sigmund.
Sigmund is almost dead.
Sigmund completely misses you.
You bump into the rock wall.
You closely miss Sigmund.
Sigmund is almost dead.
Sigmund points at you and mumbles some strange words.
The magic dart hits you!
* * * LOW HITPOINT WARNING * * *
Sigmund casts a spell.
Sigmund flickers and vanishes!
Deactivating autopickup; reactivate with Ctrl-A.
You bump into the rock wall.
Something completely misses you.
You bump into the rock wall.
Your leather armour prevents you from hitting something.
You feel less confused. Something hits you!
You die...

##########†..........
##.......... #..........
##......... #####
#...).....
####...#####.........
#............>.......
#.##...###################
#.##.....@{.......).......
#.##...###################
#......# ########


There were no monsters in sight!

Vanquished Creatures
  An adder (D:2)
  A dart slug (D:1)
  A ball python (D:2)
  5 goblins
  3 hobgoblins (D:1)
  6 jackals (D:2)
  3 kobolds
  4 bats
  A frilled lizard (D:2)
  2 rats
27 creatures vanquished.

Vanquished Creatures (collateral kills)
  A jackal (D:2)
  A rat (D:2)
2 creatures vanquished.

Vanquished Creatures (others)
  2 fungi (D:1)
  4 toadstools (D:1)
6 creatures vanquished.

Grand Total: 35 creatures vanquished

Notes
Turn   | Place    | Note
-------+----------+-------------------------------------------
     0 | D:1      | Elvor the Gargoyle Artificer began the quest for the Orb.
     0 | D:1      | Reached XP level 1. HP: 12/12 MP: 1/1
   195 | D:1      | Reached skill level 3 in Evocations
   195 | D:1      | Reached XP level 2. HP: 14/16 MP: 2/2
   296 | D:1      | Found a faded altar of an unknown god.
   683 | D:1      | You fall into a shaft and drop 1 floor!
   784 | D:1      | Learned a level 1 spell: Apportation
   891 | D:2      | Reached skill level 1 in Dodging
   894 | D:2      | Reached skill level 1 in Maces & Flails
   934 | D:2      | Reached XP level 3. HP: 2/20 MP: 3/3
  1019 | D:2      | HP: 1/20 [jackal (2)]
  1139 | D:2      | Noticed Sigmund
  1209 | D:2      | Slain by Sigmund

Illustrated notes

Levels and vault maps discovered:
D:1:      tarquinn_simple_flora_water_a, layout_basic,
          ebering_ecumenical_altar_box, minmay_gold_behind_fungi
D:2:      layout_basic, kennysheep_crisscross, uniq_sigmund, uniq_jessica

Skill      XL: |  1  2 |
---------------+-------+-----
Evocations     | 3 |  3.2
Dodging        | 1 |  1.1
Maces & Flails | 1 |  1.5
Fighting       | |  1.2
Armour         | |  2.4
Stealth        | |  1.1
Shields        | |  0.1

Action                   || total
-------------------------++-------
Melee: Club              ||   115
Evoke: Wand              ||    16
       Piece from Xom's  ||     5
  Use: Potion            ||     1
 Stab: Paralysed         ||    10
Armor: Leather armour    ||    58
Dodge: Dodged            ||    68
Block: Buckler           ||    14
